 Dungeon Crawl Stone Soup version 0.20-a0-309-gcba9277 (webtiles) character file.

1644 Promi the Firebug (level 8, -2/67 HPs)
             Began as a Black Draconian Fire Elementalist on Dec 19, 2016.
             Was an Initiate of Ashenzari.
             Shot with an arrow by a centaur (12 damage)
             ... on level 7 of the Dungeon.
             The game lasted 00:27:46 (6709 turns).

Promi the Firebug (DrFE)                            Turns: 6709, Time: 00:27:47

Health: -2/67      AC:  7    Str: 10    XL:     8   Next: 67%
Magic:  5/14       EV: 14    Int: 18    God:    Ashenzari [......]
Gold:   333        SH:  0    Dex: 12    Spells: 6/16 levels left

rFire  . . .     SeeInvis .     i - +1 dagger (flame)
rCold  + . .     Gourm    .     (armour unavailable)
rNeg   . . .     Faith    .     (no shield)
rPois  .         Spirit   .     (helmet restricted)
rElec  +         Reflect  .     o - +0 cloak
rCorr  .         Harm     .     (no gloves)
MR     .....                    (no boots)
Stlth  ++++......               j - amulet of regeneration (curse)
                                (no ring)
                                e - ring of stealth (curse)

@: no status effects
A: breathe lightning, unfitting armour, fangs 1, horns 1, cold resistance 1,
electricity resistance, cold-blooded, AC +6
a: Breathe Lightning, Curse Item, Renounce Religion


You were on level 7 of the Dungeon.
You worshipped Ashenzari.
Ashenzari was noncommittal.
You were hungry.

You visited 2 branches of the dungeon, and saw 8 of its levels.
You also visited: Bailey.

You collected 517 gold pieces.
You spent 184 gold pieces at shops.

Inventory:

Hand Weapons
 i - a +1 dagger of flaming (weapon)
 n - a +0 lajatang
Armour
 o - a +0 cloak (worn)
Jewellery
 e - a cursed ring of stealth (left hand)
 j - a cursed amulet of regeneration (around neck)
Wands
 q - a wand of confusion (17/48)
Scrolls
 c - 4 scrolls of remove curse
 d - 9 scrolls of identify
 k - a scroll of enchant weapon
 m - 7 scrolls of teleportation
 x - a scroll of blinking {unknown}
Potions
 f - 4 potions of curing
 g - a potion of flight
 h - 3 potions of brilliance
 s - a potion of haste
 t - a potion of berserk rage {unknown}
 v - 2 potions of cancellation {unknown}
 w - a potion of agility {unknown}
Books
 a - a book of Flames

   Spells                             Type                      Level
   a - Flame Tongue                   Conjuration/Fire             1
   b - Throw Flame                    Conjuration/Fire             2
   c - Conjure Flame                  Conjuration/Fire             3
   d - Inner Flame                    Hexes/Fire                   3
   e - Sticky Flame                   Conjuration/Fire             4
   f - Fireball                       Conjuration/Fire             5
Comestibles
 b - 5 bread rations
 l - a meat ration
 p - a slice of pizza
 r - a beef jerky


   Skills:
 + Level 4.8 Fighting
 + Level 4.3 Dodging
 + Level 4.7 Stealth
 + Level 4.6 Spellcasting
 + Level 4.3 Conjurations
 + Level 5.3 Fire Magic


You had 6 spell levels left.
You knew the following spells:

 Your Spells              Type           Power        Failure   Level  Hunger
a - Flame Tongue          Conj/Fire      ###..        1%          1    None
b - Throw Flame           Conj/Fire      ###...       3%          2    #......
c - Conjure Flame         Conj/Fire      ###.....     10%         3    ###....
d - Sticky Flame          Conj/Fire      ###.....     24%         4    ####...


Dungeon Overview and Level Annotations

Branches:
Dungeon (7/15)             Temple (1/1) D:6

Altars:
Ashenzari
Cheibriados
Elyvilon
Fedhas
Gozag
Hepliaklqana
Kikubaaqudgha
Nemelex Xobeh
Okawaru
Qazlal
Ru
Sif Muna
Trog
Uskayaw
Vehumet
Xom
Yredelemnul
Zin
The Shining One

Shops:
D:5 *   D:6 [

Annotations:
D:5 exclusion: orc, Eustachio


Innate Abilities, Weirdness & Mutations

You can breathe wild blasts of lightning.
Your glossy black scales are hard. (AC +6)
You cannot fit into any form of body armour.
You are resistant to electric shocks. (rElec)
You are cold-blooded and may be slowed by cold attacks.
You have very sharp teeth.
You have a pair of small horns on your head.
Your flesh is cold resistant. (rC+)


Message History

The centaur hits you. The centaur barely misses you.
Casting: Flame Tongue
Confirm with . or Enter, or press ? or * to list all spells.
Aiming: Sticky Flame
Press: ? - help, Shift-Dir - straight line, f/p - centaur
Aim: a centaur The sticky flame hits the centaur.
The centaur appears unharmed.
The centaur is covered in liquid flames!
The centaur shouts!
The centaur burns!
The centaur misses you.
The centaur shoots an arrow.
The arrow hits you.
You hit the centaur. You burn the centaur.
The centaur is lightly wounded.
The centaur burns!
The centaur hits you.
The centaur shoots an arrow.
The arrow hits you! The centaur hits you.
The centaur burns!
The centaur shoots an arrow.
The arrow hits you!
* * * LOW HITPOINT WARNING * * *
The centaur wields an uncursed shortbow.
The centaur shoots an arrow.
The arrow hits you!
You die...

... #......# ##.
.#######......#
.... .............
##... #.#(##.....
.....##..(....#+###
##....c...).(.....#
........()((..#
#.#.##(..)..##
#.#.##@.....#
#.#..#(.#####
##....c......+
<........##### ####
#.####...## ...
#.####...# ..#
#.......>######
..####
#.c....#.#....##
......
...............#


You could see 2 centaurs.

Vanquished Creatures
  2 orc warriors (Bailey)
  A black bear (D:4)
  An ice beast (D:6)
  A phantom (D:7)
  A centaur (D:6)
  2 ogres
  A bullfrog (D:6)
  2 big kobolds
  A howler monkey (D:6)
  A bullfrog zombie (D:6)
  2 crimson imps
  3 hounds
  2 orc priests
  2 iguanas
  5 orc wizards
  A worker ant (D:5)
  A hound skeleton (D:4)
  3 gnolls (Bailey)
  4 adders
  2 oozes
  An adder skeleton (D:4)
  4 worms
  6 dart slugs
  4 leopard geckos
  16 orcs
  6 giant cockroaches
  7 goblins
  8 hobgoblins
  5 jackals
  3 quokkas
  3 bats
  5 frilled lizards
  24 kobolds
  A leopard gecko skeleton (D:5)
  A quokka skeleton (D:2)
  2 quokka zombies
  11 rats
145 creatures vanquished.

Notes
Turn   | Place    | Note
-------+----------+-------------------------------------------
     0 | D:1      | Promi the Draconian Fire Elementalist began the quest for the Orb.
     0 | D:1      | Reached XP level 1. HP: 14/14 MP: 3/3
   374 | D:1      | Reached XP level 2. HP: 5/22 MP: 3/5
   965 | D:1      | Reached skill level 1 in Fighting
  1109 | D:1      | Learned a level 2 spell: Throw Flame
  1140 | D:2      | Reached XP level 3. HP: 24/28 MP: 2/6
  1148 | D:2      | Learned a level 3 spell: Conjure Flame
  1849 | D:2      | Reached XP level 4. HP: 34/36 MP: 8/8
  1907 | D:3      | Found an opulent altar of Gozag.
  2491 | D:3      | Gained mutation: You have very sharp teeth. [potion of mutation]
  2491 | D:3      | Gained mutation: You have a pair of small horns on your head. [potion of mutation]
  2491 | D:3      | Gained mutation: Your flesh is cold resistant. (rC+) [potion of mutation]
  2569 | D:4      | Reached XP level 5. HP: 40/41 MP: 9/9
  3071 | D:4      | Noticed an ogre
  3274 | D:4      | Noticed a black bear
  3280 | D:4      | Killed a black bear
  3280 | D:4      | Reached XP level 6. HP: 37/50 MP: 6/10
  3286 | D:4      | Learned a level 4 spell: Sticky Flame
  3619 | D:4      | Reached skill level 4 in Fire Magic
  3702 | D:5      | Entered Level 5 of the Dungeon
  3777 | D:5      | Found Gunoxef's Assorted Antiques.
  3893 | D:5      | Bought a scroll labeled KIHUUNI VARASM for 22 gold pieces
  3893 | D:5      | Bought a cloak for 99 gold pieces
  3893 | D:5      | Bought a scroll labeled UHESTI BE ETHO for 22 gold pieces
  3893 | D:5      | Bought a ruby potion for 19 gold pieces
  3893 | D:5      | Bought a scroll labeled SUUTZA CEDGHUKH for 22 gold pieces
  3928 | D:5      | Your scales start taking on a glossy black colour.
  3928 | D:5      | Reached XP level 7. HP: 11/57 MP: 2/12
  3928 | D:5      | Gained mutation: You are resistant to electric shocks. (rElec) [Black Draconian growth]
  4185 | D:5      | Found a shimmering altar of Xom.
  4185 | D:5      | Noticed Eustachio
  4732 | D:5      | Found a stormy altar of Qazlal.
  4742 | D:5      | Found an ancient bone altar of Kikubaaqudgha.
  4946 | D:6      | Found a staircase to the Ecumenical Temple.
  4955 | Temple   | Entered the Ecumenical Temple
  4963 | Temple   | Became a worshipper of Ashenzari the Shackled
  5266 | D:6      | Found Nopruihe's Armour Shoppe.
  5364 | D:6      | Reached XP level 8. HP: 49/66 MP: 7/14
  5853 | D:6      | Found a glowing golden altar of the Shining One.
  5933 | D:7      | Reached skill level 5 in Fire Magic
  6072 | D:7      | Found a snail-covered altar of Cheibriados.
  6085 | D:7      | Found a flagged portal.
  6097 | Bailey   | Entered a bailey
  6139 | Bailey   | Noticed an orc warlord
  6431 | Bailey   | Found a runed gate.
  6433 | Bailey   | Found a runed gate.
  6435 | Bailey   | Found a runed gate.
  6709 | D:7      | Shot with an arrow by a centaur

Vault maps used:
D:1:      lemuel_arrival_funnel
D:2:      serial_undead, serial_undead_d, serial_undead_a, serial_undead_f,
          serial_undead_f, hex_intersection
D:3:      nicolae_gozag_seed_capital
D:4:      serial_bayou, serial_bayou_ford_a, serial_bayou_pond_a,
          serial_bayou_crossing, serial_bayou_pond_b, grunt_ministairs_6
D:5:      amethyst_overflow_temple_binary, marbit_many_paths, basic_altar,
          first_bread, serial_shops, nicolae_shop_overgrown_old_shop,
          uniq_eustachio
D:6:      nicolae_overflow_hidden_temple, serial_shops, shop_fountains
D:7:      cheibriados_altar_1, enter_bailey_2
Temple:   eino_narrow_crystal_temple
Bailey:   bailey_axe_bossmonster_kennysheep, bailey

Skill      XL: |  1  2  3  4  5  6  7  8 |
---------------+-------------------------+-----
Stealth        | 2 3 4 |  4.7
Dodging        | 2 3 4 |  4.3
Fighting       | 1 2 3 4 |  4.8
Spellcasting   | 3 4 |  4.6
Conjurations   | 2 3 4 |  4.3
Fire Magic     | 4 5 |  5.3

Action                   |  1- 3 |  4- 6 |  7- 9 || total
-------------------------+-------+-------+-------++-------
Melee: Unarmed           |    12 |       |       ||    12
       Dagger            |   100 |   110 |   135 ||   345
       Tailslap          |    13 |     9 |     9 ||    31
       Headbutt          |       |    16 |    16 ||    32
       Bite              |       |     4 |     9 ||    13
       Lajatang          |       |       |     4 ||     4
 Cast: Flame Tongue      |    18 |    22 |    88 ||   128
       Throw Flame       |       |     3 |       ||     3
       Sticky Flame      |       |       |     7 ||     7
Invok: Curse Item        |       |       |     2 ||     2
 Abil: Breathe Lightning |       |       |     2 ||     2
  Use: Potion            |       |     9 |       ||     9
       Scroll            |       |    13 |       ||    13
 Stab: Sleeping          |     2 |     4 |     4 ||    10
  Eat: Chunk             |     3 |     7 |    10 ||    20
Armor: Skin              |    21 |    35 |    61 ||   117
Dodge: Dodged            |    57 |    77 |   174 ||   308
